 Dungeon Crawl Stone Soup version 0.18-a0-1303-g41c131c (webtiles) character file.

4 mrath the Digger (level 1, 0/10 HPs)
             Began as a Gargoyle Earth Elementalist on Feb 13, 2016.
             Slain by a hobgoblin
             ... wielding a +0 club
              (4 damage)
             ... on level 1 of the Dungeon.
             The game lasted 00:03:52 (456 turns).

mrath the Digger (Gargoyle Earth Elementalist)       Turns: 456, Time: 00:03:52

Health: 0/10       AC:  4    Str: 11    XL:     1   Next: 70%
Magic:  0/3        EV: 12    Int: 15    God:
Gold:   25         SH:  0    Dex: 10    Spells: 1 memorised, 3 levels left

rFire  . . .     SeeInvis .     b - 62 stones
rCold  . . .     Gourm    .     a - +0 robe
rNeg   + . .     Faith    .     (no shield)
rPois  ∞         Spirit   .     (no helmet)
rElec  +         Dismiss  .     (no cloak)
rCorr  .         Reflect  .     (no gloves)
SustAt .         Harm     .     (no boots)
MR     .....                    (no amulet)
Stlth  ++........               (no ring)
                                (no ring)

@: very slightly contaminated, not resistant to hostile enchantments, unstealthy
A: negative energy resistance 1, electricity resistance, unbreathing,
petrification resistance, rot immunity, AC +2
a: no special abilities


You were on level 1 of the Dungeon.
You were not hungry.

You visited 1 branch of the dungeon, and saw 1 of its levels.

You collected 25 gold pieces.

Inventory:

Hand Weapons
 g - a +0 short sword
 h - a +0 hunting sling
Missiles
 b - 62 stones (in hand)
 j - 5 javelins of penetration (quivered)
Armour
 a - a +0 robe (worn)
 l - a +0 pair of boots
Scrolls
 e - a scroll of random uselessness {unknown}
 k - a scroll of teleportation {unknown}
Potions
 f - a potion of flight {unknown}
 m - 2 potions of magic {unknown}
Books
 c - a book of Geomancy

   Spells                             Type                      Level
   a - Sandblast                      Earth                        1
   b - Passwall                       Transmutation/Earth          2
   c - Stone Arrow                    Conjuration/Earth            3
   d - Petrify                        Transmutation/Earth          4
   e - Lee's Rapid Deconstruction     Earth                        5
Comestibles
 d - a bread ration
 i - 2 meat rations


   Skills:
 - Level 1.5 Dodging
 - Level 2.1 Stealth
 * Level 2.1 Spellcasting
   Level 0.7 Transmutations
 + Level 3.9 Earth Magic


You had 3 spell levels left.
You knew the following spells:

 Your Spells              Type           Power        Failure   Level  Hunger
a - Sandblast             Erth           ##....       6%          1    #......


Dungeon Overview and Level Annotations

Branches:
Dungeon (1/15)

Altars:


Innate Abilities, Weirdness & Mutations

You are resistant to torment.
Your stone body is resilient (AC +2).
You are immune to poison.
You resist negative energy.
You are resistant to electric shocks.
You can survive without breathing.
You are immune to petrification.
You are immune to rotting.


Message History

The hobgoblin hits you but does no damage.
You barely miss the hobgoblin.
The hobgoblin is heavily wounded.
The hobgoblin closely misses you.
You closely miss the hobgoblin.
The hobgoblin is heavily wounded.
The hobgoblin hits you but does no damage.
You hit the hobgoblin but do no damage.
The hobgoblin is moderately wounded.
The hobgoblin hits you but does no damage.
Wield which item (- for none, * to show all)? (? for menu, Esc to quit)
b - 63 stones (in hand)
The hobgoblin closely misses you.
Casting: Sandblast
Confirm with . or Enter, or press ? or * to list all spells.
Aiming: Sandblast
Press: ? - help, Shift-Dir - straight line, f/p - hobgoblin
Aim: a hobgoblin, wielding a club The rocky blast hits the hobgoblin.
The hobgoblin hits you with a club.
You die...

#...#......#.# #.#.#
#....†.....#≈# #.#.#
#..........##≈ '>#.#
.##.#.....###≈#######.#.#
#.........## #≈≈≈≈≈≈#.#.#
####.###.#####≈###≈#≈#.#.#
#. #.....#≈#≈<≈#≈#.... #
#.##.##≈≈≈≈≈≈≈#.#.#
#.@g.#####'####.#.# ######
#..# #.#.# ##.## #.#.#
#..# #.#.# ########.##
#.(.. .........########.#
...................
###################


You could see a hobgoblin.

Vanquished Creatures
  A hobgoblin (D:1)
  3 kobolds (D:1)
  A rat (D:1)
5 creatures vanquished.

Notes
Turn   | Place    | Note
--------------------------------------------------------------
     0 | D:1      | mrath the Gargoyle Earth Elementalist began the quest for the Orb.
     0 | D:1      | Reached XP level 1. HP: 10/10 MP: 3/3
   456 | D:1      | Slain by a hobgoblin

Vault maps used:
D:1:      ncdulo_wetmaze

Action                   || total
-------------------------++-------
Melee: Short sword       ||     4
 Cast: Sandblast         ||     7
